 Dungeon Crawl Stone Soup version 0.27.0-1-g7a089689b8 (webtiles) character file.

Game seed: 7532840942621131211

200 Fv001 the Caller (level 5, -2/36 HPs)
             Began as a Barachi Summoner on Aug 6, 2021.
             Slain by a hornet (13 damage)
             ... on level 4 of the Dungeon on Aug 7, 2021.
             The game lasted 00:13:10 (4483 turns).

Fv001 the Caller (Barachi Summoner)                 Turns: 4483, Time: 00:13:11

Health: -2/36      AC:  6    Str: 11    XL:     5   Next: 79%
Magic:  16/19      EV: 12    Int: 15    God:
Gold:   136        SH:  0    Dex: 12    Spells: 5/11 levels left

rFire    . . .     SeeInvis .   a - +0 trident
rCold    . . .     Faith    .   (no shield)
rNeg     . . .     Spirit   .   l - +0 robe
rPois    .         Reflect  .   (no helmet)
rElec    .         Harm     .   f - +1 cloak
rCorr    .         Rampage  .   (no gloves)
Will     .....                  d - +1 pair of boots
Stlth    ++........             (no amulet)
HPRegen  0.12/turn              h - ring of magical power
MPRegen  0.16/turn              (no ring)

@: lethally poisoned (-2 -> -9), slowed, very slow
A: amphibious, slowness 1, strong legs 1, +LOS
a: Hop


You were on level 4 of the Dungeon.
You visited 1 branch of the dungeon, and saw 4 of its levels.

You collected 136 gold pieces.

Inventory:

Hand Weapons
 a - a +0 trident (weapon)
 b - a +0 dagger
 o - a +0 hand axe of flaming
Missiles
 n - 2 throwing nets
Armour
 c - a +0 leather armour
 d - a +1 pair of boots (worn)
 f - a +1 cloak (worn)
 l - a +0 robe (worn)
Jewellery
 h - a ring of magical power (left hand)
Scrolls
 e - 2 scrolls of vulnerability
 g - a scroll of magic mapping {unknown}
 i - a scroll of teleportation {unknown}
 m - a scroll of torment {unknown}
Potions
 j - a potion of lignification {unknown}
 k - a potion of heal wounds {unknown}
 p - 2 potions of magic {unknown}


   Skills:
 + Level 0.5 Fighting
 + Level 0.2 Short Blades
 + Level 0.7 Polearms
 + Level 2.3 Dodging
 + Level 2.3 Stealth
 + Level 3.9 Spellcasting
 + Level 6.5 Summonings


You had 5 spell levels left.
You knew the following spells:

 Your Spells              Type           Power      Damage    Failure   Level
a - Summon Small Mammal   Summ           88%        N/A       1%          1
b - Call Imp              Summ           22%        N/A       1%          2
c - Call Canine Familiar  Summ           22%        N/A       3%          3

Your spell library contained the following spells:

 Spells                   Type           Power      Damage    Failure   Level
 Summon Guardian Golem    Hex/Summ       12%        N/A       14%         3
 Freeze                   Ice            8%         1d3       19%         1
 Summon Lightning Spire   Summ/Air       12%        N/A       43%         4
 Frozen Ramparts          Ice            4%         1d2       50%         3
 Ozocubu's Armour         Ice            2%         N/A       50%         3
 Hailstorm                Conj/Ice       2%         3d3       88%         4
 Metabolic Englaciation   Hex/Ice        1%         N/A       99%         5
 Simulacrum               Ice/Necr       1%         N/A       100%        6


Dungeon Overview and Level Annotations

Branches:
Dungeon (4/15)
 Temple: D:4-7

Altars:

Annotations:
D:4 exclusion: steam dragon


Innate Abilities, Weirdness & Mutations

You are amphibious.
You cover ground slowly.
You can hop short distances.
You have an extended range of vision and can be seen from far away.


Message History

Found 13 gold pieces.
Things that are here:
a +0 club; a +0 robe
Items here: )) [ †.
You now have 114 gold pieces (gained 3).
You now have 123 gold pieces (gained 9).
p - 2 glowing purple potions You swap places.
You see here a +0 club.
Items here: )) [ †.
Found a stone staircase leading up.
You see here a ball python corpse.
You now have 136 gold pieces (gained 13).
You swap places.
A steam dragon comes into view.
You swap places.
Saving game... please wait.
Welcome back, Fv001 the Barachi Summoner.
Press ? for a list of commands and other information.
Found a stone staircase leading down.
Removed exclusion.
Press: ? - help, v - describe, . - travel
Here: a steam dragon (asleep)
The floor.
Placed new exclusion.
You swap places.
A hornet comes into view.
A goblin comes into view. It is wielding a +0 dagger.
Found 15 stones.
Your hound disappears in a puff of smoke!
The hornet stings you!
You feel yourself slow down.
Cast which spell? (? or * to list)
The hornet stings you.
You are poisoned.
You feel as though you will be slow longer.
The hornet stings you.
You feel as though you will be slow longer.
You feel very sick. The hornet stings you!
You die...

....###.[[)..###########)#
# ...####..†[#### #.#
...###.....## ###### #.#
........#.).###..... #.#
...#...#.#.......# #+# ##
##..#.#...<...### ⌠ ⌠
##.............. . .+.
####.#.......# #⌠ ⌠##
#.##.#.@h....### ## ##
#.##...y.......#
#..........#####
###........# #.
##..#.###......#
#..##.###...#..#
#...............g
#.###.###.#.#.... #.# #y#
.#.#.###


You could see a hornet (ally target) and a friendly hound (summoned).

Vanquished Creatures
  A gnoll shaman (D:4)
  3 orcs (D:4)
  A bat (D:2)
  An endoplasm (D:2)
  A giant cockroach (D:1)
  2 goblins
  A quokka (D:2)
  A rat (D:2)
11 creatures vanquished.

Vanquished Creatures (collateral kills)
  A bullfrog skeleton (D:4)
  Jessica (D:2)
  An iguana (D:4)
  An orc wizard (D:4)
  7 gnolls
  4 adders
  A worm (D:2)
  A dart slug (D:3)
  8 orcs
  7 ball pythons
  4 bats
  4 endoplasms
  3 giant cockroaches (D:1)
  2 hobgoblins
  13 jackals
  3 quokkas (D:2)
  4 frilled lizards
  2 goblins
  3 kobolds
  A rat (D:2)
71 creatures vanquished.

Grand Total: 82 creatures vanquished

Notes
Turn   | Place    | Note
-------+----------+-------------------------------------------
     0 | D:1      | Fv001 the Barachi Summoner began the quest for the Orb.
     0 | D:1      | Reached XP level 1. HP: 13/13 MP: 3/3
   314 | D:1      | Reached skill level 5 in Summonings
   508 | D:1      | Reached XP level 2. HP: 19/19 MP: 0/5
   516 | D:1      | Learned a level 2 spell: Call Imp
   717 | D:1      | Found a faded altar of an unknown god.
  2010 | D:2      | Reached XP level 3. HP: 24/24 MP: 0/6
  2161 | D:2      | Learned a level 3 spell: Call Canine Familiar
  2221 | D:2      | Noticed Jessica
  2244 | D:2      | Killed Jessica
  2444 | D:2      | Reached XP level 4. HP: 31/31 MP: 1/8
  3270 | D:3      | Reached skill level 6 in Summonings
  4233 | D:4      | Reached XP level 5. HP: 36/36 MP: 9/9
  4463 | D:4      | Noticed a steam dragon
  4473 | D:4      | Noticed a hornet
  4483 | D:4      | Slain by a hornet

Illustrated notes

Levels and vault maps discovered:
D:1:      wheals_arrival_shading, layout_basic,
          hellmonk_ecumenical_altar_leap_of_faith
D:2:      layout_basic, uniq_jessica
D:3:      layout_basic, kennysheep_big_empty_room, minmay_misc_feat_rugged
D:4:      layout_rooms, temple_doors_e, gammafunk_ghost_smash,
          guppyfry_early_orc_mine, uniq_menkaure

Skill      XL: |  1  2  3  4 |
---------------+-------------+-----
Summonings     | 5 6 |  6.5
Stealth        | 2 |  2.3
Spellcasting   | 3 |  3.9
Fighting       | |  0.5
Short Blades   | |  0.2
Polearms       | |  0.7
Dodging        | |  2.3

Action                   |  1- 3 |  4- 6 || total
-------------------------+-------+-------++-------
Melee: Unarmed           |    10 |       ||    10
       Dagger            |    20 |     5 ||    25
       Trident           |       |    22 ||    22
 Cast: Summon Small Mamm |    37 |    11 ||    48
       Call Imp          |    26 |    19 ||    45
       Call Canine Famil |       |    21 ||    21
 Abil: Hop               |     2 |       ||     2
  Use: Scroll            |     2 |     1 ||     3
 Stab: Sleeping          |     4 |     3 ||     7
       Distracted        |       |     1 ||     1
Armor: Robe              |    16 |     6 ||    22
Dodge: Dodged            |    29 |    18 ||    47
